[Event "5th Cesme Open 2017"]
[Site "Cesme"]
[Date "2017.06.19"]
[Round "1"]
[White "Morchiashvili, Bachana"]
[Black "Ertas, Deniz"]
[Result "1-0"]
[ECO "A70"]
[WhiteElo "2403"]
[BlackElo "1761"]
[Annotator "ChessBase"]
[PlyCount "52"]
[EventType "swiss"]
[EventCountry "TUR"]
[TimeControl "5400+30"]

1. d4 {[%emt 0:00:30] 63} g6 {[%emt 0:00:00] 63} 2. e4 {[%emt 0:00:00] 63} Bg7 {[%emt 0:00:30] 63} 3. c4 {[%emt 0:00:00] ]63} c5 {[%emt 0:00:30] ]63} 4. d5 {[%emt 0:00:30] ]63} d6 {[%emt 0:00:00] 66} 5. h3 {[%emt 0:01:30] ]6} Nf6 {[%emt 0:01:00] ]6} 6. Bd3 {[%emt 0:00:30] ]6} e6 {[%emt 0:03:30] 6]} 7. Nf3 {[%emt 0:00:30] ]6} O-O {[%emt 0:00:30] ]6} 8. O-O {[%emt 0:00:30] ]6} Re8 {[%emt 0:08:30] ]6} 9. Nc3 {[%emt 0:00:30] ]6} a6 {[%emt 0:02:30] ]6} 10. a4 {[%emt 0:06:30] ]6} exd5 {[%emt 0:07:30] ]6} 11. cxd5 {[%emt 0:00:30] ]6} Nbd7 {[%emt 0:06:30] ]} 12. Bf4 {[%emt 0:02:30] ]]} Ne5 {[%emt 0:04:30] ]]} 13. Nxe5 {[%emt 0:00:30] ]]} dxe5 {[%emt 0:00:00] ]]} 14. Be3 {[%emt 0:00:00] ]]} Qd6 {[%emt 0:02:00] ]]} 15. Qc2 {[%emt 0:06:00] ]]} Bd7 {[%emt 0:03:30] ]]} 16. Nb1 {[%emt 0:01:30] ]]} Rac8 {[%emt 0:07:30] ]]} 17. Na3 {[%emt 0:00:30] ]]} Nh5 {[%emt 0:04:30] ]]} 18. Qb3 {[%emt 0:09:30] ]]} Nf4 {[%emt 0:08:30] ]]} 19. Nc4 {[%emt 0:01:30] ]]]} Qf6 {[%emt 0:02:30] [%clk 0:36]0]} 20. Qxb7 {[%emt 0:13:30] %%c} Nxh3+ {[%emt 0:20:54] kk} 21. gxh3 {[%emt 0:02:30] ]]} Qd6 {[%emt 0:00:40] kk} 22. Qb3 {[%emt 0:00:30] 6]} Qf6 {[%emt 0:00:30] kk} 23. Qb7 {[%emt 0:00:00] 6 [%clk 0:49:0]} Bxh3 {[%emt 0:05:27] cc} 24. f3 {[%emt 0:03:00] 9]} Bxf1 {[%emt 0:02:04] cc} 25. Rxf1 {[%emt 0:00:30] 5]} Qh4 26. Kg2 {[%emt 0:02:30] 3]} Rb8 1-0

[Event "5th Cesme Open 2017"]
[Site "Cesme"]
[Date "2017.06.19"]
[Round "1"]
[White "Daloglu, Berkay"]
[Black "Ercihan, Ege"]
[Result "1-0"]
[ECO "D74"]
[WhiteElo "1659"]
[BlackElo "1395"]
[Annotator "NA"]
[PlyCount "127"]
[EventType "swiss"]
[EventCountry "TUR"]
[TimeControl "5400+30"]

1. Nf3 {[%emt 0:00:30] ].} Nf6 {[%emt 0:01:00] ].} 2. g3 {[%emt 0:00:00] ].} g6 {[%emt 0:00:00] ]} 3. Bg2 {[%emt 0:00:00] ]]} Bg7 {[%emt 0:00:00] ]]} 4. O-O {[%emt 0:00:30] ]]} O-O {[%emt 0:00:00] ]]} 5. c4 {[%emt 0:00:00] ]]} d5 {[%emt 0:00:00] ]]} 6. cxd5 {[%emt 0:05:00] ]]} Nxd5 {[%emt 0:00:00] ]]]} 7. Nc3 {[%emt 0:02:30] ]]]} c6 {[%emt 0:01:00] ]]]} 8. d4 {[%emt 0:10:30] ]]} Nd7 {[%emt 0:04:30] ]]} 9. Nxd5 {[%emt 0:07:30] ]]} cxd5 {[%emt 0:00:00] ]]} 10. Qb3 {[%emt 0:19:30] ]]]} Nb6 {[%emt 0:02:00] ]]]} 11. Bf4 {[%emt 0:06:30] ]]]} Bf5 {[%emt 0:12:30] ]]]} 12. Rac1 {[%emt 0:00:30] ]]]} Rc8 {[%emt 0:00:30] ]]} 13. Rxc8 {[%emt 0:01:30] ]]} Qxc8 {[%emt 0:00:30] ]]} 14. Rc1 {[%emt 0:00:30] ]]} Qe6 {[%emt 0:15:30] [%clk 1:00]0} 15. Qd1 {[%emt 0:28:46] kl} Rc8 {[%emt 0:02:30] 44} 16. b3 {[%emt 0:01:22] k [%clk 0:12:57]} Rxc1 {[%emt 0:16:30] ]2} 17. Bxc1 Bb1 {[%emt 0:00:30] 7]} 18. a3 Qc6 {[%emt 0:00:30] 3]} 19. b4 {[%emt 0:03:29] [%clk 0:01.20] ]} Be4 {[%emt 0:19:30] 3} 20. e3 {[%emt 0:02:43] [} Qc3 {[%emt 0:00:30] ]} 21. Qd2 {[%emt 0:00:30] [} Qb3 {[%emt 0:00:30] 0} 22. Ne1 Nc4 {[%emt 0:00:30] 2} 23. Qe2 Bxg2 {[%emt 0:00:30] 0} 24. Kxg2 Nxa3 {[%emt 0:00:30] 0} 25. Bxa3 Qxa3 {[%emt 0:00:30] 0} 26. Qb5 Qc1 {[%emt 0:01:30] 0} 27. Qe8+ Bf8 {[%emt 0:00:00] 4} 28. Nd3 Qc6 29. Qxc6 bxc6 30. Ne5 e6 31. Nxc6 a6 32. Nb8 Bxb4 33. Nxa6 Bd6 34. Kf3 Kf8 35. Ke2 Ke7 36. Kd3 Kd7 37. Kc3 Ke7 38. Nc5 Kf6 39. e4 Bxc5 40. dxc5 dxe4 41. Kd4 Ke7 42. Kxe4 f6 43. f4 Kd7 44. g4 Kc6 45. Kd4 Kb5 46. h4 Kc6 47. g5 e5+ 48. Ke4 f5+ 49. Kxe5 Kxc5 50. Kf6 Kd4 51. Kg7 Ke4 52. Kxh7 Kxf4 53. h5 gxh5 54. g6 h4 55. g7 Kf3 56. g8=Q f4 57. Qg1 Ke2 58. Qh2+ Ke3 59. Qxh4 f3 60. Qe1+ Kf4 61. Qf2 Kg4 62. Kg6 Kf4 63. Kf6 Kg4 64. Ke5 1-0

[Event "5th Cesme Open 2017"]
[Site "Cesme"]
[Date "2017.06.19"]
[Round "1"]
[White "Kayis, Cahit Sadi"]
[Black "Karabas, Baris"]
[Result "0-1"]
[ECO "D36"]
[WhiteElo "1519"]
[BlackElo "1598"]
[Annotator "NA"]
[PlyCount "74"]
[EventType "swiss"]
[EventCountry "TUR"]
[TimeControl "5400+30"]

1. d4 {[%emt 0:00:30] ]} d5 {[%emt 0:02:00] ]} 2. c4 {[%emt 0:00:00] ]} c6 {[%emt 0:00:00] ]} 3. Nc3 {[%emt 0:01:00] ]} Nf6 {[%emt 0:00:00] ]} 4. Nf3 {[%emt 0:01:30] ]} e6 {[%emt 0:00:30] ]} 5. Bg5 {[%emt 0:00:30] ]]} Nbd7 {[%emt 0:00:00] ]]} 6. e3 {[%emt 0:02:30] ]]} Be7 {[%emt 0:05:00] ]]} 7. cxd5 {[%emt 0:04:30] ]]} exd5 {[%emt 0:00:30] ]]} 8. Bd3 {[%emt 0:00:30] ]} O-O {[%emt 0:02:30] ]]} 9. Qc2 {[%emt 0:01:30] ]]} h6 {[%emt 0:01:30] ]]} 10. Bh4 {[%emt 0:01:30] ]]} Re8 {[%emt 0:10:30] ]]} 11. O-O {[%emt 0:01:30] ]]} Ne4 {[%emt 0:14:30] ]]} 12. Bxe7 {[%emt 0:00:30] ]]]} Qxe7 {[%emt 0:00:30] ]]]} 13. Ne5 {[%emt 0:13:30] ]]]} Nxe5 {[%emt 0:04:30] ]]} 14. Bxe4 {[%emt 0:00:30] ]]} dxe4 {[%emt 0:00:30] ]]} 15. dxe5 {[%emt 0:02:30] ]]} Qxe5 {[%emt 0:01:30] ]]} 16. Rad1 {[%emt 0:02:30] ]]} h5 {[%emt 0:10:30] ]]} 17. Rd4 {[%emt 0:01:30] ]]} Bf5 {[%emt 0:08:30] ]]} 18. Rfd1 {[%emt 0:01:30] [%clk 1:01]]} h4 {[%emt 0:09:30] [cc} 19. Ne2 {[%emt 0:04:30] [[c} g5 {[%emt 0:10:21] lk} 20. Rd6 {[%emt 0:03:30] 9 [%clk 0:47:0] .[} Be6 {[%emt 0:07:16] cc} 21. Nc3 {[%emt 0:07:30] 3]} Bc4 {[%emt 0:07:22] cc} 22. R6d4 {[%emt 0:02:30] 1]} Bd3 {[%emt 0:02:19] c [%clk 0:01:14] 0} 23. Qb3 {[%emt 0:11:30] ]} Rab8 24. Rd7 {[%emt 0:00:30] ]} Re7 25. Rd4 {[%emt 0:00:30] 4} Rbe8 26. Na4 {[%emt 0:00:30] 4} Qb5 27. Rb4 {[%emt 0:00:30] 4} Qa5 28. Rc1 {[%emt 0:00:30] 1} Qd8 29. Rxb7 {[%emt 0:00:30] ]} Rxb7 30. Qxb7 {[%emt 0:00:30] 4} Bb5 31. Nc5 {[%emt 0:00:30] 1} Re7 32. Qxe7 {[%emt 0:00:30] ]} Qxe7 33. Nb3 {[%emt 0:00:30] 4} Qd6 34. Nd4 {[%emt 0:00:30] 4} a6 35. b3 {[%emt 0:00:30] 4} c5 36. Nf5 {[%emt 0:00:30] 1} Qf6 37. Rxc5 {[%emt 0:00:30] ]} Qa1+ 0-1

[Event "5th Cesme Open 2017"]
[Site "Cesme"]
[Date "2017.06.19"]
[Round "1"]
[White "Aydemir, Cem"]
[Black "Taskin, Arda"]
[Result "1/2-1/2"]
[ECO "E81"]
[WhiteElo "1430"]
[BlackElo "1516"]
[Annotator "NA"]
[PlyCount "113"]
[EventType "swiss"]
[EventCountry "TUR"]
[TimeControl "5400+30"]

1. d4 {[%emt 0:00:30] 4.]} Nf6 {[%emt 0:01:00] 4.]} 2. c4 {[%emt 0:00:00] 4.]} g6 {[%emt 0:00:00] 4.} 3. f3 {[%emt 0:00:00] 4..} Bg7 {[%emt 0:00:00] 4..} 4. e4 {[%emt 0:00:30] 4..} d6 {[%emt 0:00:30] 4..} 5. Nc3 {[%emt 0:00:30] 4..} O-O {[%emt 0:00:00] 4..} 6. Bd3 {[%emt 0:00:30] 4.} Nc6 {[%emt 0:00:00] 44} 7. Nge2 {[%emt 0:00:30] 44} e5 {[%emt 0:01:30] 44} 8. d5 {[%emt 0:03:30] 44} Nb8 {[%emt 0:07:30] 44} 9. O-O {[%emt 0:10:30] 44} Nbd7 {[%emt 0:10:30] 44} 10. Be3 {[%emt 0:04:30] 44} Ne8 {[%emt 0:10:30] 44} 11. b4 {[%emt 0:13:30] 44} b6 {[%emt 0:12:30] 44} 12. Qc2 {[%emt 0:08:30] 44} Bb7 {[%emt 0:06:30] 44} 13. Rac1 {[%emt 0:06:30] [%clk 0:47]2]} Rc8 {[%emt 0:06:30] %%%} 14. Qb1 {[%emt 0:01:30] %%%} c6 {[%emt 0:01:30] %} 15. dxc6 {[%emt 0:06:30] ]} Bxc6 {[%emt 0:00:30] ]} 16. Nd5 {[%emt 0:03:30] ]} Ndf6 {[%emt 0:06:30] ]} 17. Nec3 {[%emt 0:03:30] ]} Nxd5 {[%emt 0:04:30] [%clk 0:29]]} 18. cxd5 {[%emt 0:08:30] %%} Bd7 19. Ba6 Rc7 20. Nb5 Bxb5 21. Bxb5 f6 {[%emt 0:13:08] k} 22. Rc6 {[%emt 0:09:10] k} Rff7 {[%emt 0:00:30] k} 23. Rfc1 {[%emt 0:00:30] k} Rxc6 {[%emt 0:00:30] k} 24. Rxc6 {[%emt 0:00:30] k} Rc7 25. Qc2 Kf8 26. Qa4 Qb8 27. Qc2 Qc8 28. a4 Ke7 29. Qc4 Rxc6 30. Bxc6 Nc7 31. a5 bxa5 32. bxa5 Qb8 33. Ba4 Qb7 34. Qc6 Qxc6 35. Bxc6 a6 36. Bb6 Kd8 37. Bb7 Kd7 38. Bxc7 Kxc7 39. Bxa6 Bh6 40. Bd3 Bd2 41. a6 Kb6 42. Kf2 Bb4 43. Ke2 Bc5 44. g3 g5 45. Kf1 Ka5 46. Kg2 h5 47. f4 gxf4 48. gxf4 exf4 49. Kf3 Be3 50. a7 Bxa7 51. Kxf4 Bd4 52. Kf5 Be5 53. Be2 h4 54. h3 Kb4 55. Bg4 Kc5 56. Kg6 Kd4 57. Bf5 1/2-1/2